 Dungeon Crawl Stone Soup version 0.24.0-123-gd5b16e6ec5 (webtiles) character file.

Game seed: 2827759026631195716, levelgen mode: deterministic

14611 Hylith the Basher (level 12, -7/80 HPs)
             Began as a Gargoyle Fighter on Jan 1, 2020.
             Was an Elder of Makhleb.
             Killed from afar by a fire dragon (24 damage)
             ... with a blast of flame
             ... on level 2 of the Lair of Beasts.
             The game lasted 00:25:18 (12807 turns).

Hylith the Basher (Gargoyle Fighter)               Turns: 12807, Time: 00:25:19

Health: -7/80      AC: 24    Str: 28    XL:     12   Next: 18%
Magic:  14/14      EV:  6    Int:  9    God:    Makhleb [****..]
Gold:   734        SH: 11    Dex:  9    Spells: 11/11 levels left

rFire    . . .     SeeInvis +   a - +0 flail
rCold    . . .     Gourm    .   e - +0 shield
rNeg     + . .     Faith    .   C - +0 plate armour
rPois    ∞         Spirit   .   u - +0 helmet
rElec    +         Reflect  .   (no cloak)
rCorr    .         Harm     .   (no gloves)
MR       .....                  x - +0 pair of boots
Stlth    ..........             (no amulet)
HPRegen  0.23/turn              I - +3 ring of strength
MPRegen  0.14/turn              w - ring of see invisible

@: hasted, very quick
A: negative energy resistance 1, electricity resistance, unbreathing,
petrification resistance, rot immunity, AC +8
a: Minor Destruction, Lesser Servant of Makhleb, Major Destruction, Renounce
Religion


You were on level 2 of the Lair of Beasts.
You worshipped Makhleb.
Makhleb was greatly pleased with you.
You were hungry.

You visited 3 branches of the dungeon, and saw 14 of its levels.

You collected 734 gold pieces.

Inventory:

Hand Weapons
 a - a +0 flail (weapon)
 E - a +1 scimitar of flaming
Missiles
 B - 6 boomerangs of dispersal (quivered)
Armour
 e - a +0 shield (worn)
 u - a +0 helmet (worn)
 x - a +0 pair of boots (worn)
 C - a +0 plate armour (worn)
Jewellery
 j - an uncursed ring of positive energy
 w - a ring of see invisible (right hand)
 I - a +3 ring of strength (left hand)
Wands
 s - a wand of random effects (5)
 v - a wand of flame (23)
 A - a wand of enslavement (7)
 H - a wand of disintegration (15)
 J - a wand of polymorph (9)
 K - a wand of iceblast (9)
Scrolls
 d - 4 scrolls of magic mapping
 k - 3 scrolls of identify
 m - 5 scrolls of remove curse
 n - a scroll of fog
 o - a scroll of enchant weapon {unknown}
 p - a scroll of noise {unknown}
 r - a scroll of blinking {unknown}
 F - a scroll of holy word {unknown}
 L - a scroll of random uselessness {unknown}
Potions
 b - a potion of cancellation {unknown}
 c - 3 potions of invisibility
 h - a potion of ambrosia
 i - 4 potions of flight
 t - 2 potions of brilliance
 z - a potion of lignification
 D - a potion of agility {unknown}
 G - a potion of mutation {unknown}
Miscellaneous
 y - a lamp of fire
Comestibles
 f - 24 rations
 M - 6 chunks of flesh


   Skills:
 + Level 11.3 Fighting
 + Level 13.4 Maces & Flails
 + Level 7.0 Armour
 * Level 8.1 Shields
 + Level 3.2 Evocations


You had 11 spell levels left.
You didn't know any spells.
Your spell library contained the following spells:

 Spells                   Type           Power        Failure   Level  Hunger
 Magic Dart               Conj           #...         100%        1    ##.....
 Shock                    Conj/Air       #...         100%        1    ##.....
 Blink                    Tloc           N/A          100%        2    ###....
 Call Imp                 Summ           #.......     100%        2    ###....
 Slow                     Hex            #.......     100%        2    ###....
 Swiftness                Chrm/Air       #.......     100%        2    ###....
 Conjure Flame            Conj/Fire      #.......     100%        3    ####...
 Mephitic Cloud           Conj/Pois/Air  #.......     100%        3    ####...
 Static Discharge         Conj/Air       #.......     100%        3    ####...
 Airstrike                Air            #.........   100%        4    #####..
 Lightning Bolt           Conj/Air       #.........   100%        5    ######.


Dungeon Overview and Level Annotations

Branches:
Dungeon (11/15)            Temple (1/1) D:7            Lair (2/6) D:11
    Orc (0/2) D:10
  Swamp: Lair:2-4    Shoals: Lair:2-4     Snake: Lair:2-4    Spider: Lair:2-4

Altars:
Ashenzari
Cheibriados
Dithmenos
Elyvilon
Fedhas
Gozag
Hepliaklqana
Kikubaaqudgha
Makhleb
Nemelex Xobeh
Okawaru
Qazlal
Ru
Sif Muna
Trog
Uskayaw
Vehumet
Wu Jian
Xom
Yredelemnul
Zin
The Shining One

Shops:
D:11 *

Annotations:
D:11 3 runed translucent doors, EtherCrawl's ghost, journeyman MiBe


Innate Abilities, Weirdness & Mutations

You are resistant to torment.
Your stone body is resilient. (AC +8)
You are immune to poison.
You resist negative energy. (rN+)
You are resistant to electric shocks. (rElec)
You can survive without breathing.
You are immune to petrification.
You are immune to rotting.


Message History

The fire dragon resists with some effort.
The fire dragon breathes flames at you. The blast of flame hits you!!
* * * LOW HITPOINT WARNING * * *
You feel better. The fire dragon closely misses you.
The fire dragon barely misses you. The fire dragon closely misses you.
You barely miss the fire dragon.
The fire dragon is severely wounded.
You hit the fire dragon.
The fire dragon is severely wounded.
You block the fire dragon's attack.
The fire dragon claws you but does no damage.
You block the fire dragon's attack.
Your shield and plate armour prevent you from hitting the fire dragon.
The fire dragon is severely wounded.
You hit the fire dragon.
The fire dragon is severely wounded.
The fire dragon breathes flames at you. The blast of flame hits you!!
You die...

##.######
##.......≈≈≈≈≈ #..#
####...;≈≈≈≈≈ #.##
######≈≈≈≈ #.####
≈≈≈ #....# ≈≈ ####.#
#.##############
#..##..........##
#....D@.........#
##..............#
####.....(.....#
##..........#
#..........#
##.......### ###
#.......## ###.##
#..P...#.###....##
###
###........#........


You could see a fire dragon.

Vanquished Creatures
  A hydra (Lair:1)
  Erica (D:10)
  4 two-headed ogres
  The ghost of Piu the Grappler, a novice DrTm (D:7)
  2 gargoyles (D:10)
  4 spiny frogs (Lair:2)
  4 hippogriffs
  3 blink frogs (Lair:1)
  A wraith (D:11)
  A basilisk (Lair:2)
  2 water moccasins (Lair:1)
  3 porcupines
  4 ice beasts
  7 orc warriors
  4 sky beasts
  3 phantoms
  A necrophage (D:11)
  2 ogres
  An eye of draining (D:10)
  6 wolves (Lair:2)
  5 centaurs
  Blork the orc (D:3)
  5 big kobolds
  11 bullfrogs
  2 water moccasin skeletons
  6 scorpions
  3 wights (D:10)
  3 electric eels (D:11)
  5 howler monkeys
  6 crimson imps
  A centaur zombie (D:9)
  A bullfrog zombie (D:6)
  8 hounds
  3 jellies (D:8)
  A centaur skeleton (D:4)
  7 orc priests
  8 orc wizards
  A bullfrog skeleton (D:11)
  Natasha (thrice) (D:3)
  4 iguanas
  7 worker ants
  A hound skeleton (D:5)
  A worker ant zombie (D:7)
  10 adders
  A hound simulacrum (D:7)
  2 shadow imps
  3 white imps (D:7)
  An ooze (D:2)
  An adder skeleton (D:8)
  6 worms
  2 dart slugs
  3 leopard geckos
  37 orcs
  5 bats
  17 giant cockroaches
  6 goblins
  9 hobgoblins
  6 jackals
  4 quokkas
  A ball python zombie (D:4)
  6 frilled lizards
  27 kobolds
  A leopard gecko simulacrum (D:7)
  A leopard gecko skeleton (D:8)
  4 quokka skeletons
  5 rats
306 creatures vanquished.

Vanquished Creatures (collateral kills)
  An orc priest (D:10)
  A centaur skeleton (D:10)
  An orc (D:10)
3 creatures vanquished.

Vanquished Creatures (others)
  An orc wizard (D:10)
  4 fungi (Lair:1)
  2 plants (Lair:1)
7 creatures vanquished.

Grand Total: 316 creatures vanquished

Notes
Turn   | Place    | Note
-------+----------+-------------------------------------------
     0 | D:1      | Hylith the Gargoyle Fighter began the quest for the Orb.
     0 | D:1      | Reached XP level 1. HP: 14/14 MP: 1/1
   148 | D:1      | Reached XP level 2. HP: 13/19 MP: 2/2
   336 | D:1      | Reached XP level 3. HP: 23/23 MP: 3/3
  1294 | D:2      | Reached XP level 4. HP: 27/29 MP: 4/4
  1374 | D:2      | Reached skill level 3 in Maces & Flails
  1416 | D:2      | Noticed a phantom
  1490 | D:2      | Killed a phantom
  1490 | D:2      | Reached XP level 5. HP: 23/33 MP: 5/5
  2039 | D:3      | Reached skill level 4 in Maces & Flails
  2039 | D:3      | Reached XP level 6. HP: 25/39 MP: 6/6
  2081 | D:3      | Noticed Natasha
  2094 | D:3      | Killed Natasha
  2605 | D:3      | Found a shattered altar of Ashenzari.
  2650 | D:3      | Found an opulent altar of Gozag.
  2650 | D:3      | Found a hazy altar of Hepliaklqana.
  2650 | D:3      | Found a stormy altar of Qazlal.
  2723 | D:3      | Noticed Natasha
  2734 | D:3      | Killed Natasha
  2757 | D:3      | Noticed Natasha
  2773 | D:3      | Killed Natasha
  3322 | D:4      | Reached skill level 5 in Maces & Flails
  3322 | D:4      | Reached XP level 7. HP: 44/44 MP: 7/7
  3356 | D:4      | Reached skill level 5 in Fighting
  3356 | D:4      | Reached skill level 5 in Shields
  3371 | D:4      | Noticed Blork the orc
  3412 | D:3      | Killed Blork the orc
  3953 | D:4      | Found a shimmering altar of Xom.
  4100 | D:4      | Reached skill level 6 in Maces & Flails
  4202 | D:4      | Reached XP level 8. HP: 43/51 MP: 8/8
  4294 | D:5      | Entered Level 5 of the Dungeon
  4496 | D:5      | Got a shimmering leather armour
  4507 | D:5      | Identified the +1 leather armour of Fashionability {rN+
                  | Int+3} (You found it on level 5 of the Dungeon)
  4612 | D:5      | Found a bloodstained altar of Trog.
  4612 | D:5      | Found a shimmering blue altar of Sif Muna.
  4721 | D:5      | Reached skill level 7 in Maces & Flails
  5253 | D:6      | Found a basalt altar of Yredelemnul.
  5290 | D:6      | Reached skill level 8 in Maces & Flails
  5413 | D:6      | Reached XP level 9. HP: 45/57 MP: 9/9
  5795 | D:7      | Reached skill level 9 in Maces & Flails
  6269 | D:7      | Found a staircase to the Ecumenical Temple.
  6279 | Temple   | Entered the Ecumenical Temple
  6338 | Temple   | Became a worshipper of Makhleb the Destroyer
  6528 | D:7      | Found a runed translucent gate.
  6528 | D:7      | Found a runed translucent gate.
  6528 | D:7      | Found a runed translucent gate.
  6875 | D:7      | Noticed Piu's ghost (novice DrTm)
  6928 | D:7      | Killed Piu's ghost
  6928 | D:7      | Reached skill level 10 in Maces & Flails
  6979 | D:7      | Got the ring of Fedhas's Generosity {Fire}
  7005 | D:7      | Identified the ring of Fedhas's Generosity {Fire rPois
                  | Int+3} (You found it on level 7 of the Dungeon)
  7214 | D:8      | Reached XP level 10. HP: 44/65 MP: 10/10
  7216 | D:8      | Reached * piety under Makhleb
  7426 | D:8      | Reached skill level 11 in Maces & Flails
  7501 | D:9      | Found a glowing silver altar of Zin.
  7607 | D:9      | Found a blossoming altar of Fedhas.
  8041 | D:9      | Noticed a two-headed ogre
  8050 | D:9      | Killed a two-headed ogre
  8327 | D:9      | Noticed a two-headed ogre
  8337 | D:9      | Killed a two-headed ogre
  8337 | D:9      | Reached skill level 10 in Fighting
  8337 | D:9      | Reached skill level 12 in Maces & Flails
  8780 | D:10     | Entered Level 10 of the Dungeon
  8792 | D:10     | Reached ** piety under Makhleb
  8855 | D:10     | Noticed a gargoyle
  8866 | D:10     | Killed a gargoyle
  8937 | D:10     | Noticed Erica
  8955 | D:10     | Killed Erica
  8955 | D:10     | Reached skill level 5 in Armour
  8955 | D:10     | Reached XP level 11. HP: 71/73 MP: 11/11
  9070 | D:10     | Noticed a two-headed ogre
  9187 | D:9      | Killed a two-headed ogre
  9632 | D:10     | Reached *** piety under Makhleb
  9806 | D:10     | Found a staircase to the Orcish Mines.
  9932 | D:10     | Found a basalt altar of Yredelemnul.
 10076 | D:11     | Reached skill level 13 in Maces & Flails
 10232 | D:11     | Noticed a two-headed ogre
 10246 | D:11     | Killed a two-headed ogre
 10246 | D:11     | Reached skill level 1 in Evocations
 10542 | D:11     | Found a runed translucent gate.
 10542 | D:11     | Found a runed translucent gate.
 10582 | D:11     | Found a runed translucent gate.
 10582 | D:11     | Found an opulent altar of Gozag.
 10584 | D:11     | Noticed a cyclops
 10584 | D:11     | Noticed EtherCrawl's ghost (journeyman MiBe)
 10585 | D:11     | Found Yruetudd's Assorted Antiques.
 10725 | D:11     | Found a staircase to the Lair.
 11185 | Lair:1   | Entered Level 1 of the Lair of Beasts
 11582 | Lair:1   | Noticed a six-headed hydra
 11590 | Lair:1   | Killed a two-headed hydra
 12410 | Lair:2   | Reached XP level 12. HP: 76/80 MP: 14/14
 12500 | Lair:2   | Reached **** piety under Makhleb
 12734 | Lair:2   | Noticed a fire dragon
 12793 | Lair:2   | HP: 3/80 [fire dragon/blast of flame (34)]
 12807 | Lair:2   | Killed from afar by a fire dragon

Levels and vault maps discovered:
D:1:      dpeg_arrival_signposts, layout_basic
D:2:      minmay_roachtagon, layout_rooms
D:3:      layout_loops_cross, gammafunk_temple_overflow_forgotten, first_ration,
          nicolae_ashenzari_panopticon, uniq_natasha
D:4:      layout_loops_ring, led_xom_imps, uniq_blork_the_orc
D:5:      layout_loops_ring, gammafunk_temple_overflow_statue
D:6:      layout_loops_ring, nicolae_overflow_crystal_walls
D:7:      layout_basic, minmay_temple_entry_waves, gammafunk_ghost_icy
D:8:      layout_basic, blue_anna_alchemist [blue_anna_fruit_fields,
          blue_anna_fruit_fields], st_stairs_5
D:9:      layout_basic, fedhas_altar_1, kennysheep_mini, roderic_lattice_a
D:10:     layout_cross, david_orc_4, yredelemnul_altar_generic, uniq_erica
D:11:     layout_basic, lair_entry_dummy, ebering_ghost_gozag
Temple:   nicolae_temple_x_marks_the_god
Lair:1:   layout_chaotic_city
Lair:2:   dragon1_lemuel, layout_cave_pods, chequers_serial_rivers_marsh,
          beast_lair_carwin_4, serial_bayou_shore_b, serial_bayou_shore_b

Skill      XL: |  1  2  3  4  5  6  7  8  9 10 11 12 |
---------------+-------------------------------------+-----
Maces & Flails | 3 4 5 6 8 10 12 13 | 13.4
Fighting       | 4 5 7 8 10 11 | 11.3
Armour         | 4 5 6 7 |  7.0
Shields        | 4 5 7 8 |  8.1
Evocations     | 2 3 |  3.2

Action                   |  1- 3 |  4- 6 |  7- 9 | 10-12 || total
-------------------------+-------+-------+-------+-------++-------
Melee: Flail             |   159 |   230 |   523 |   830 ||  1742
       Spear             |       |       |    85 |       ||    85
       Scimitar          |       |       |       |     5 ||     5
Evoke: Wand              |       |       |    13 |     8 ||    21
  Use: Potion            |       |     1 |       |    10 ||    11
       Scroll            |       |       |    12 |     7 ||    19
  Eat: Chunk             |     1 |     8 |    13 |    15 ||    37
       Ration            |       |       |       |     1 ||     1
Armor: Scale mail        |   102 |   135 |       |       ||   237
       Chain mail        |       |    44 |   377 |    62 ||   483
       Plate armour      |       |       |       |   394 ||   394
Dodge: Dodged            |    51 |    68 |   153 |   186 ||   458
Block: Shield            |   101 |   151 |     9 |   164 ||   425
       Buckler           |       |       |    89 |    78 ||   167
       Rpst.: Scimitar   |       |       |       |     1 ||     1
